 Dungeon Crawl Stone Soup version 0.21.1-1-g345015fe64 (webtiles) character file.

584 Norri the Fighter (level 7, -1/70 HPs)
             Began as a Minotaur Gladiator on Mar 14, 2018.
             Slain by an orc wizard
             ... wielding a +0 dagger
              (2 damage)
             ... on level 4 of the Dungeon on Mar 15, 2018.
             The game lasted 00:43:15 (3133 turns).

Norri the Fighter (Minotaur Gladiator)              Turns: 3133, Time: 00:43:16

Health: -1/70      AC: 13    Str: 17 (18) XL:     7   Next: 14%
Magic:  6/6        EV:  5    Int:  9 (12) God:
Gold:   210        SH:  0    Dex:  9 (12) Spells: 6/6 levels left

rFire    . . .     SeeInvis .   a - +0 long sword
rCold    . . .     Gourm    +   (no shield)
rNeg     . . .     Faith    .   D - +0 plate armour
rPois    .         Spirit   .   c - +0 hat
rElec    .         Reflect  .   B - +0 cloak
rCorr    .         Harm     .   z - +0 pair of gloves
MR       .....                  i - +0 pair of boots
Stlth    ..........             A - amulet of the gourmand
HPRegen  0.21/turn              (no ring)
MPRegen  0.10/turn              (no ring)

@: confused, brilliant
A: retaliatory headbutt, horns 2
a: no special abilities


You were on level 4 of the Dungeon.
You were full.

You visited 1 branch of the dungeon, and saw 4 of its levels.

You collected 210 gold pieces.

Inventory:

Hand Weapons
 a - a +0 long sword (weapon)
 e - a +0 hand axe of chopping
Missiles
 d - 3 throwing nets
 j - 16 poisoned needles
 l - 21 stones (quivered)
Armour
 c - a +0 hat (worn)
 i - a +0 pair of boots (worn)
 z - a +0 pair of gloves (worn)
 B - a +0 cloak (worn)
 D - a +0 plate armour (worn)
Jewellery
 A - an amulet of the gourmand (around neck)
Scrolls
 b - a scroll of fear {unknown}
 h - a scroll of magic mapping {unknown}
 k - 2 scrolls of immolation {unknown}
 o - 2 scrolls of remove curse {unknown}
 q - a scroll of teleportation {unknown}
 r - 3 scrolls of amnesia {unknown}
 t - a scroll of blinking {unknown}
 w - a scroll of noise {unknown}
 x - a scroll of random uselessness {unknown}
 y - a scroll of fog {unknown}
Potions
 m - 2 potions of flight
 p - a potion of ambrosia
 s - 2 potions of mutation
 u - 4 potions of curing
Comestibles
 f - 5 rations


   Skills:
 + Level 9.5 Fighting
 - Level 3.6 Long Blades
 - Level 2.0 Throwing
 - Level 3.2 Dodging


You had 6 spell levels left.
You didn't know any spells.

Dungeon Overview and Level Annotations

Branches:
Dungeon (4/15)
 Temple: D:4-7

Altars:
Fedhas
Ru
Vehumet

Shops:
D:4 =

Annotations:
D:4 Grinder; HooM's ghost, amateur MiFi


Innate Abilities, Weirdness & Mutations

You reflexively headbutt those who attack you in melee.
You have a pair of horns on your head.


Message History

The orc wizard is severely wounded.
The orc wizard hits you but does no damage.
The orc hits you but does no damage.
You hear some strange, mumbled words.
A puff of flame appears from out of thin air!
The puff of flame hits you!
The orc wizard hits you but does no damage.
Grinder blinks!
The orc barely misses you.
You're too confused!
Unknown command.
Unknown command.
You hit the orc. Your headbutt misses the orc.
The orc is moderately wounded.
The orc wizard points at you and mumbles some strange words.
The puff of frost hits you!
* * * LOW HITPOINT WARNING * * *
Something hits you but does no damage.
The orc wizard hits you but does no damage.
Grinder blinks!
The orc hits you but does no damage. Something hits you.
You die...

....ooo.(..(....#
##......(......#
##............#
##.........#. ..#
##..####..### ..#
########..## #..# #..
.........## #..# ###.#
.........# ###{.# ....
........## #o@..####### ..
........# #.#o.......# ##
.......†### #.#.....>..# #.
.......)..# #.#...§....# #.
#########.###§.........#
####. #.#...#.5.[....# #....
#....##.<......# ##.###
#....##........###..###
######.#.........#####......


You could see Grinder, an orc wizard and an orc.

Vanquished Creatures
  An ogre (D:2)
  A bullfrog (D:4)
  A bullfrog skeleton (D:4)
  Crazy Yiuf (D:3)
  4 orc wizards (D:4)
  An iguana (D:4)
  7 gnolls
  6 adders
  An ooze (D:4)
  A worm (D:2)
  5 dart slugs
  2 leopard geckos (D:2)
  7 orcs (D:4)
  8 bats
  3 giant cockroaches
  8 goblins
  4 hobgoblins
  7 jackals
  A quokka (D:2)
  2 ball pythons
  11 frilled lizards
  10 kobolds
  10 rats
102 creatures vanquished.

Vanquished Creatures (others)
  A plant (D:2)
1 creature vanquished.

Grand Total: 103 creatures vanquished

Notes
Turn   | Place    | Note
-------+----------+-------------------------------------------
     0 | D:1      | Norri the Minotaur Gladiator began the quest for the Orb.
     0 | D:1      | Reached XP level 1. HP: 18/18 MP: 0/0
    87 | D:1      | Reached skill level 3 in Fighting
   235 | D:1      | Reached XP level 2. HP: 26/26 MP: 1/1
   324 | D:1      | Reached skill level 4 in Fighting
   413 | D:1      | Reached XP level 3. HP: 33/33 MP: 2/2
   740 | D:2      | Reached skill level 5 in Fighting
   806 | D:2      | Reached XP level 4. HP: 29/42 MP: 3/3
  1037 | D:2      | Reached skill level 6 in Fighting
  1268 | D:2      | Reached XP level 5. HP: 51/51 MP: 4/4
  1400 | D:2      | Noticed an ogre
  1412 | D:2      | Killed an ogre
  1412 | D:2      | Reached skill level 7 in Fighting
  1834 | D:3      | Found a blossoming altar of Fedhas.
  1903 | D:3      | Found a runed door.
  2060 | D:3      | Found a faded altar of an unknown god.
  2408 | D:3      | Noticed Crazy Yiuf
  2415 | D:3      | Killed Crazy Yiuf
  2415 | D:3      | Reached XP level 6. HP: 46/61 MP: 5/5
  2550 | D:4      | Reached skill level 8 in Fighting
  2869 | D:4      | Found Bevol's Jewellery Boutique.
  2911 | D:4      | Found a sacrificial altar of Ru.
  2917 | D:4      | Found a radiant altar of Vehumet.
  2992 | D:4      | Noticed HooM's ghost (amateur MiFi)
  3071 | D:4      | Reached skill level 9 in Fighting
  3084 | D:4      | Noticed Grinder
  3106 | D:4      | Reached XP level 7. HP: 65/70 MP: 6/6
  3133 | D:4      | HP: 1/70 [orc wizard/puff of frost (7)]
  3133 | D:4      | Slain by an orc wizard

Skill      XL: |  1  2  3  4  5  6 |
---------------+-------------------+-----
Fighting       | 3 4 5 6 7 9 |  9.5
Long Blades    | |  3.6
Throwing       | |  2.0
Dodging        | |  3.2

Action                   |  1- 3 |  4- 6 |  7- 9 || total
-------------------------+-------+-------+-------++-------
Melee: Long sword        |    56 |   129 |    19 ||   204
       Headbutt          |    14 |    33 |     3 ||    50
Throw: Stone             |    14 |    66 |       ||    80
       Throwing net      |       |     1 |       ||     1
  Use: Scroll            |       |     4 |       ||     4
       Potion            |       |       |     3 ||     3
  Eat: Chunk             |       |    13 |       ||    13
Armor: Leather armour    |    20 |     6 |       ||    26
       Plate armour      |       |    32 |    62 ||    94
       Scale mail        |       |    19 |       ||    19
Dodge: Dodged            |    43 |    80 |    15 ||   138
       Rpst.: Long sword |     9 |    17 |     2 ||    28
